 Dungeon Crawl Stone Soup version 0.27.0-1-g7a089689b8 (webtiles) character file.

Game seed: 5786047430325344187

107 freelancePsychic the Magician (level 5, -1/38 HPs)
             Began as a Djinni Hedge Wizard on Aug 3, 2021.
             Slain by a goblin (3 damage)
             ... on level 5 of the Dungeon.
             The game lasted 00:04:18 (3780 turns).

freelancePsychic the Magician (Djinni Hedge Wizard) Turns: 3780, Time: 00:04:18

Health: -1/38      AC:  3    Str:  8 (9)  XL:     5   Next: 10%
Gold:   65         EV: 12    Int: 16 (17) God:
                   SH:  0    Dex: 10 (12)

rFire    + + .     SeeInvis .   a - +0 dagger
rCold    x . .     Faith    .   (no shield)
rNeg     . . .     Spirit   .   b - +0 robe
rPois    ∞         Reflect  .   c - +0 hat
rElec    .         Harm     .   i - +0 cloak
rCorr    .         Rampage  .   (no gloves)
Will     .....                  (boots unavailable)
Stlth    ++........             (no amulet)
HPRegen  0.12/turn              (no ring)
MPRegen  0.00/turn              (no ring)

@: mighty, flying
A: sickness immunity, fire resistance 2, cold vulnerability 1, float, innate
caster, hp casting, extra vitality 1
a: no special abilities


You were on level 5 of the Dungeon.
You visited 1 branch of the dungeon, and saw 5 of its levels.

You collected 65 gold pieces.

Inventory:

Hand Weapons
 a - a +0 dagger (weapon)
Armour
 b - a +0 robe (worn)
 c - a +0 hat (worn)
 i - a +0 cloak (worn)
Scrolls
 d - a scroll of teleportation {@r4}
 e - a scroll of immolation
Potions
 h - a potion of curing {unknown}


   Skills:
 + Level 2.2 Fighting
 - Level 2.1 Dodging
 - Level 1.5 Stealth
 * Level 3.7 Spellcasting


You couldn't memorise any spells.
You knew the following spells:

 Your Spells              Type           Power      Damage    Failure   Level
a - Magic Dart            Conj           56%        1d5       3%          1
b - Blink                 Tloc           N/A        N/A       5%          2
c - Call Imp              Summ           14%        N/A       5%          2
d - Slow                  Hex            14%        N/A       5%          2
e - Mephitic Cloud        Conj/Pois/Air  14%        N/A       11%         3
f - Conjure Flame         Conj/Fire      14%        6-21      11%         3
g - Summon Small Mammal   Summ           56%        N/A       3%          1
h - Wereblood             Tmut           14%        N/A       5%          2
Your spell library was empty.

Dungeon Overview and Level Annotations

Branches:
Dungeon (5/15)
 Temple: D:4-7

Altars:

Annotations:
D:3 Grinder


Innate Abilities, Weirdness & Mutations

You are immune to sickness and miasma.
You are immune to poison.
Your flesh is very heat resistant. (rF++)
You are vulnerable to cold. (rC-)
You float through the air rather than walking.
You learn spells naturally, not from books.
Your magical power is your life essence.
You have superior vitality. (+4 HP)


Message History

The adder bites you but does no damage.
You hit the adder.
The adder is heavily wounded.
The adder barely misses you. The goblin completely misses you.
You closely miss the adder.
The adder is heavily wounded.
The adder closely misses you. The goblin closely misses you.
It was a potion of might.
You feel very mighty all of a sudden. The adder misses you.
The goblin misses you. The adder bites you but does no damage.
You miss the adder.
The adder is heavily wounded.
The goblin barely misses you. The adder misses you.
You miss the adder.
The adder is heavily wounded.
The adder barely misses you. The goblin completely misses you.
You miss the adder.
The adder is heavily wounded.
The adder bites you.
* * * LOW HITPOINT WARNING * * *
The goblin hits you but does no damage. The adder bites you.
* * * LOW HITPOINT WARNING * * *
You closely miss the adder.
The adder is heavily wounded.
The goblin hits you with a +0 club.
* * * LOW HITPOINT WARNING * * *
The adder barely misses you.
You miss the adder.
The adder is heavily wounded.
The adder bites you but does no damage. The goblin closely misses you.
You miss the adder.
The adder is heavily wounded.
The adder misses you. The goblin closely misses you.
The adder closely misses you.
It was a potion of degeneration.
There was something very wrong with that liquid.
You feel weakened.
You feel dopey.
You feel clumsy. The goblin hits you with a +0 club.
You die...

##+# ....
...#.####..###.
......S@g......
...#.####......
#..## ... .


You could see an adder and a goblin.

Vanquished Creatures
  An adder (D:2)
  2 gnolls (D:3)
  3 dart slugs
  5 ball pythons
  4 endoplasms
  3 giant cockroaches
  3 goblins (D:1)
  2 hobgoblins
  4 jackals
  2 quokkas
  5 bats
  3 frilled lizards (D:1)
  3 kobolds
  7 rats
47 creatures vanquished.

Vanquished Creatures (collateral kills)
  A jelly (D:2)
  A gnoll (D:3)
  An adder (D:2)
  A goblin (D:3)
  A jackal (D:2)
  A ball python (D:3)
  2 frilled lizards
  A kobold (D:2)
9 creatures vanquished.

Vanquished Creatures (others)
  6 plants
6 creatures vanquished.

Grand Total: 62 creatures vanquished

Notes
Turn   | Place    | Note
-------+----------+-------------------------------------------
     0 | D:1      | freelancePsychic the Djinni Hedge Wizard began the quest
                  | for the Orb.
     0 | D:1      | Reached XP level 1. HP: 15/15 MP: 0/0
   181 | D:1      | Reached XP level 2. HP: 19/22 MP: 0/0
   392 | D:1      | Reached skill level 1 in Fighting
   800 | D:1      | Reached XP level 3. HP: 23/27 MP: 0/0
   800 | D:1      | Learned a level 1 spell: Summon Small Mammal
   841 | D:1      | Reached skill level 3 in Spellcasting
  1684 | D:2      | Reached XP level 4. HP: 13/33 MP: 0/0
  1910 | D:2      | Found a faded altar of an unknown god.
  3050 | D:3      | HP: 1/33 [acid (11)]
  3695 | D:3      | Reached XP level 5. HP: 33/38 MP: 0/0
  3695 | D:3      | Learned a level 2 spell: Wereblood
  3710 | D:3      | Noticed Grinder
  3735 | D:4      | Noticed an ogre
  3754 | D:4      | Noticed a sky beast
  3767 | D:5      | Entered Level 5 of the Dungeon
  3777 | D:5      | HP: 1/38 [goblin (3)]
  3780 | D:5      | Slain by a goblin

Illustrated notes

Levels and vault maps discovered:
D:1:      tarquinn_simple_flora_water_c, layout_loops_ring,
          minmay_tiny_reverse_x
D:2:      layout_loops_cross, hellmonk_ecumenical_altar_crossroads,
          serial_forest, infiniplex_forest_clump_medium,
          infiniplex_forest_lined_room_2, infiniplex_forest_lined_2,
          infiniplex_forest_corner_1, infiniplex_forest_clump_tiny,
          infiniplex_forest_end_2, infiniplex_forest_end_1
D:3:      layout_rooms, uniq_robin, uniq_grinder
D:4:      layout_gridville, nicolae_overflow_hidden_temple,
          worldfamousw_hep_ancestral_shrine
D:5:      layout_basic, mainiacjoe_overflow_brackets,
          nicolae_sif_muna_little_library,
          mainiacjoe_overflow_concentric_impassable,
          mainiacjoe_overflow_cross_hatched, minmay_temple_entry_proselytizer,
          gammafunk_ghost_mausoleum, minmay_misc_feat_columns,
          nrook_mini_backslash, lemuel_old_faithful

Skill      XL: |  1  2  3  4 |
---------------+-------------+-----
Fighting       | 1 2 |  2.2
Spellcasting   | 3 |  3.7
Dodging        | |  2.1
Stealth        | |  1.5

Action                   |  1- 3 |  4- 6 || total
-------------------------+-------+-------++-------
Melee: Dagger            |     3 |    47 ||    50
 Cast: Magic Dart        |    79 |    14 ||    93
       Call Imp          |     3 |    12 ||    15
       Blink             |     1 |       ||     1
       Mephitic Cloud    |       |     3 ||     3
  Use: Scroll            |       |     5 ||     5
       Potion            |       |     2 ||     2
 Stab: Sleeping          |       |     3 ||     3
Armor: Robe              |     1 |    16 ||    17
Dodge: Dodged            |     7 |    62 ||    69
